PBL
AMERICUS BRAVES @ PORTLAND ANGELS
06/13/2049
 
TOP OF THE 1ST
Americus Braves batting - Pitching for Portland Angels : RHP Myeong-wan Kym
Pitching: RHP Myeong-wan Kym
Batting: RHB Ryan Cole 0-0: Ball
1-0: Called Strike
1-1: SINGLE (Groundball, 56S, EV 79.4 MPH) (infield hit)
Batting: SHB Chris Morrison 0-0: Called Strike
Ryan Cole steals 2nd base
0-1: Ball
1-1: SINGLE (Groundball, 6MD, EV 95.0 MPH)
Ryan Cole to third
Batting: RHB Scott Hansen 0-0: Ball
1-0: Foul Ball, location: 2F
1-1: Foul Ball, location: 2F
1-2: Ball
2-2: Ball
3-2: Foul Ball, location: 2F
3-2: Grounds into double play, 5-4-3 (Groundball, 56, EV 77.5 MPH)
Ryan Cole scores
Batting: RHB Wilson Salgado 0-0: Called Strike
0-1: Called Strike
0-2: Strikes out swinging
Top of the 1st over - 1 run, 2 hits, 0 errors, 0 left on base; Americus 1 - Portland 0
BOTTOM OF THE 1ST
Portland Angels batting - Pitching for Americus Braves : RHP Matt Glover
Pitching: RHP Matt Glover
Batting: RHB Jose Garduno 0-0: Ball
1-0: Ball
2-0: Foul Ball, location: 2F
2-1: SINGLE (Groundball, 6MD, EV 101.2 MPH)
Batting: LHB Miguel Hernandez 0-0: Ball
Jose Garduno is caught stealing 2nd base 2-6
1-0: Ball
2-0: Ball
3-0: Called Strike
3-1: Called Strike
3-2: Foul Ball, location: 2F
3-2: Strikes out looking
Batting: RHB Alex Rosaly 0-0: Swinging Strike
0-1: Ball
1-1: Swinging Strike
1-2: Strikes out swinging
Bottom of the 1st over - 0 runs, 1 hit, 0 errors, 0 left on base; Americus 1 - Portland 0
TOP OF THE 2ND
Americus Braves batting - Pitching for Portland Angels : RHP Myeong-wan Kym
Batting: RHB Josh Maxwell 0-0: Swinging Strike
0-1: Ball
1-1: Foul Ball, location: 2F
1-2: Ball
2-2: Ball
3-2: Strikes out swinging
Batting: RHB Jose Florez 0-0: Ball
1-0: Ball
2-0: Foul Ball, location: 2F
2-1: Foul Ball, location: 2F
2-2: Strikes out swinging
Batting: RHB Chris Foss 0-0: Foul Ball, location: 2F
0-1: Called Strike
0-2: Ball
1-2: Foul Ball, location: 2F
1-2: Foul Ball, location: 2F
1-2: Ball
2-2: SINGLE (Line Drive, 7S, EV 103.8 MPH)
Batting: SHB Vladimir Guerrero III 0-0: Fly out, F8 (Flyball, 8RD, EV 104.4 MPH)
Top of the 2nd over - 0 runs, 1 hit, 0 errors, 1 left on base; Americus 1 - Portland 0
BOTTOM OF THE 2ND
Portland Angels batting - Pitching for Americus Braves : RHP Matt Glover
Batting: RHB Mario Martinez 0-0: Ground out 6-3 (Groundball, 6, EV 79.4 MPH)
Batting: RHB Jayden Hollaway 0-0: Ball
1-0: Foul Ball, location: 2F
1-1: Foul Ball, location: 2F
1-2: Ground out 5-3 (Groundball, 5L, EV 86.2 MPH)
Batting: LHB John Harvey 0-0: Swinging Strike
0-1: Foul Ball, location: 2F
0-2: Ball
1-2: Strikes out looking
Bottom of the 2nd over - 0 runs, 0 hits, 0 errors, 0 left on base; Americus 1 - Portland 0
TOP OF THE 3RD
Americus Braves batting - Pitching for Portland Angels : RHP Myeong-wan Kym
Batting: LHB Pappy Sterile 0-0: Ball
1-0: Ground out 4-3 (Groundball, 34, EV 99.4 MPH)
Batting: RHB Ryan Cole 0-0: Foul Ball, location: 2F
0-1: Foul Ball, location: 2F
0-2: Ball
1-2: Ball
2-2: Foul Ball, location: 2F
2-2: Ball
3-2: Fly out, F9 (Line Drive, 9S, EV 96.9 MPH)
Batting: SHB Chris Morrison 0-0: Ball
1-0: Ball
2-0: SINGLE (Groundball, 6D, EV 99.4 MPH)
Batting: RHB Scott Hansen 0-0: Ball
Passed Ball!
Chris Morrison to second
1-0: Ball
2-0: Ball
3-0: Called Strike
3-1: Fly out, F8 (Line Drive, 8RM, EV 105.6 MPH)
Top of the 3rd over - 0 runs, 1 hit, 0 errors, 1 left on base; Americus 1 - Portland 0
BOTTOM OF THE 3RD
Portland Angels batting - Pitching for Americus Braves : RHP Matt Glover
Batting: RHB Bob Dewar 0-0: Ball
1-0: Swinging Strike
1-1: Ball
2-1: Foul Ball, location: 2F
2-2: SINGLE (Groundball, 6D, EV 98.1 MPH)
Batting: LHB Lourens Aukema 0-0: Called Strike
0-1: Ball
1-1: Ball
2-1: Fly out, F8 (Flyball, 8RXD, EV 93.1 MPH)
Batting: LHB Matt Herndon 0-0: Swinging Strike
0-1: Ball
1-1: Called Strike
1-2: Strikes out swinging
Batting: RHB Jose Garduno 0-0: Ball
1-0: Called Strike
1-1: Ball
2-1: Foul Ball, location: 2F
2-2: Ball
3-2: SINGLE (Groundball, 4MD, EV 97.5 MPH)
Bob Dewar to second
Bob Dewar to third
Batting: LHB Miguel Hernandez 0-0: Swinging Strike
0-1: Ball
1-1: Ball
2-1: Swinging Strike
2-2: Strikes out looking
Bottom of the 3rd over - 0 runs, 2 hits, 0 errors, 2 left on base; Americus 1 - Portland 0
TOP OF THE 4TH
Americus Braves batting - Pitching for Portland Angels : RHP Myeong-wan Kym
Batting: RHB Wilson Salgado 0-0: Ball
1-0: Ball
2-0: Ball
3-0: Called Strike
3-1: Base on Balls
Batting: RHB Josh Maxwell 0-0: Called Strike
0-1: Swinging Strike
0-2: Ball
1-2: Foul Ball, location: 2F
1-2: Strikes out swinging
Batting: RHB Jose Florez 0-0: Called Strike
Wilson Salgado is caught stealing 2nd base 2-4
0-1: Fly out, F8 (Flyball, 8RM, EV 96.9 MPH)
Top of the 4th over - 0 runs, 0 hits, 0 errors, 0 left on base; Americus 1 - Portland 0
BOTTOM OF THE 4TH
Portland Angels batting - Pitching for Americus Braves : RHP Matt Glover
Batting: RHB Alex Rosaly 0-0: Swinging Strike
0-1: Called Strike
0-2: Strikes out looking
Batting: RHB Mario Martinez 0-0: Called Strike
0-1: Ball
1-1: Foul Ball, location: 2F
1-2: Ball
2-2: Foul Ball, location: 2F
2-2: Ball
3-2: Fly out, F9 (Flyball, 9D, EV 98.1 MPH)
Batting: RHB Jayden Hollaway 0-0: Swinging Strike
0-1: Ball
1-1: Ball
2-1: Called Strike
2-2: Strikes out swinging
Bottom of the 4th over - 0 runs, 0 hits, 0 errors, 0 left on base; Americus 1 - Portland 0
TOP OF THE 5TH
Americus Braves batting - Pitching for Portland Angels : RHP Myeong-wan Kym
Batting: RHB Chris Foss 0-0: Foul Ball, location: 9LSF, Error on foul ball, E9
0-1: SINGLE (Groundball, 6MD, EV 108.1 MPH)
Batting: SHB Vladimir Guerrero III 0-0: Swinging Strike
0-1: SINGLE (Groundball, 6M, EV 101.9 MPH) (infield hit)
Chris Foss to second
Batting: LHB Pappy Sterile 0-0: Ball
1-0: Swinging Strike
1-1: Ball
2-1: Ball
3-1: Called Strike
3-2: Base on Balls
Chris Foss to third
Vladimir Guerrero III to second
Batting: RHB Ryan Cole 0-0: Ball
1-0: Ball
2-0: Called Strike
2-1: Ball
3-1: Base on Balls
Chris Foss scores
Vladimir Guerrero III to third
Pappy Sterile to second
Batting: SHB Chris Morrison 0-0: Called Strike
0-1: Ball
1-1: Ball
2-1: Grounds into double play, 5-2-3 (Groundball, 56S, EV 70.0 MPH)
Pappy Sterile to third
Ryan Cole to second
Pitching: LHP Benjie Dalaque
Batting: RHB Scott Hansen 0-0: Ball
1-0: Called Strike
1-1: Ground out 6-3 (Groundball, 6, EV 91.2 MPH)
Top of the 5th over - 1 run, 2 hits, 1 error, 2 left on base; Americus 2 - Portland 0
BOTTOM OF THE 5TH
Portland Angels batting - Pitching for Americus Braves : RHP Matt Glover
Batting: LHB John Harvey 0-0: SINGLE (Groundball, 4MD, EV 104.4 MPH)
Batting: RHB Bob Dewar 0-0: Called Strike
John Harvey is caught stealing 2nd base 2-4
0-1: Fly out, F8 (Flyball, 8RD, EV 98.1 MPH)
Batting: LHB Lourens Aukema 0-0: Ball
1-0: Foul Ball, location: 2F
1-1: Foul Ball, location: 2F
1-2: SINGLE (Groundball, 34D, EV 102.5 MPH)
Batting: LHB Matt Herndon 0-0: Foul Ball, location: 2F
0-1: Foul Ball, location: 2F
0-2: Strikes out swinging
Bottom of the 5th over - 0 runs, 2 hits, 0 errors, 1 left on base; Americus 2 - Portland 0
TOP OF THE 6TH
Americus Braves batting - Pitching for Portland Angels : LHP Benjie Dalaque
Batting: RHB Wilson Salgado 0-0: Foul Ball, location: 2F
0-1: Ball
1-1: Called Strike
1-2: Ball
2-2: Strikes out swinging
Batting: RHB Josh Maxwell 0-0: Called Strike
0-1: Ball
1-1: Ball
2-1: Ball
3-1: Called Strike
3-2: Strikes out looking
Batting: RHB Jose Florez 0-0: Called Strike
0-1: Ball
1-1: Ball
2-1: Foul Ball, location: 2F
2-2: Ball
3-2: Base on Balls
Batting: RHB Chris Foss 0-0: Ball
1-0: Ball
Jose Florez steals 2nd base
2-0: Called Strike
2-1: SINGLE (Line Drive, 34D, EV 105.6 MPH)
Jose Florez to third
Runner from 3rd tries for Home, SAFE, throw by RF to home
Batting: SHB Vladimir Guerrero III 0-0: Called Strike
0-1: Ball
1-1: Called Strike
1-2: Foul Ball, location: 2F
1-2: Ball
2-2: Ball
3-2: Foul Ball, location: 2F
3-2: Strikes out swinging
Top of the 6th over - 1 run, 1 hit, 0 errors, 1 left on base; Americus 3 - Portland 0
BOTTOM OF THE 6TH
Portland Angels batting - Pitching for Americus Braves : RHP Matt Glover
Batting: RHB Jose Garduno 0-0: Called Strike
0-1: Swinging Strike
0-2: Foul Ball, location: 2F
0-2: Ball
1-2: Ball
2-2: Fly out, F8 (Flyball, 8LM, EV 89.4 MPH)
Batting: LHB Miguel Hernandez 0-0: Called Strike
0-1: Fly out, F5 (Popup, 56S, EV 85.0 MPH)
Batting: RHB Alex Rosaly 0-0: Called Strike
0-1: SINGLE (Line Drive, 89S, EV 106.2 MPH)
Batting: RHB Mario Martinez 0-0: Ball
1-0: Fielders Choice at 2nd, 6-4 (Groundball, 56, EV 93.1 MPH)
Bottom of the 6th over - 0 runs, 1 hit, 0 errors, 1 left on base; Americus 3 - Portland 0
TOP OF THE 7TH
Americus Braves batting - Pitching for Portland Angels : LHP Benjie Dalaque
Batting: LHB Pappy Sterile 0-0: Ball
1-0: Ball
2-0: Called Strike
2-1: Foul Ball, location: 2F
2-2: Strikes out swinging
Batting: RHB Ryan Cole 0-0: Ball
1-0: Called Strike
1-1: Swinging Strike
1-2: Foul Ball, location: 2F
1-2: Foul Ball, location: 2F
1-2: Strikes out looking
Batting: SHB Chris Morrison 0-0: Ball
1-0: Called Strike
1-1: Called Strike
1-2: Foul Ball, location: 2F
1-2: Foul Ball, location: 2F
1-2: Foul Ball, location: 2F
1-2: Strikes out swinging
Top of the 7th over - 0 runs, 0 hits, 0 errors, 0 left on base; Americus 3 - Portland 0
BOTTOM OF THE 7TH
Portland Angels batting - Pitching for Americus Braves : RHP Matt Glover
Batting: RHB Jayden Hollaway 0-0: Ball
1-0: Ball
2-0: Ground out 6-3 (Groundball, 6, EV 81.2 MPH)
Batting: LHB John Harvey 0-0: SINGLE (Line Drive, 7S, EV 93.8 MPH)
Batting: RHB Bob Dewar 0-0: Ball
John Harvey is caught stealing 2nd base 2-4
1-0: Fly out, F8 (Flyball, 8LM, EV 91.2 MPH)
Bottom of the 7th over - 0 runs, 1 hit, 0 errors, 0 left on base; Americus 3 - Portland 0
TOP OF THE 8TH
Americus Braves batting - Pitching for Portland Angels : LHP Benjie Dalaque
Batting: RHB Scott Hansen 0-0: Foul Ball, location: 2F
0-1: Ball
1-1: Ball
2-1: Ball
3-1: Foul Ball, location: 2F
3-2: Fly out, F9 (Line Drive, 9, EV 88.1 MPH)
Batting: RHB Wilson Salgado 0-0: Called Strike
0-1: Swinging Strike
0-2: Strikes out swinging
Batting: RHB Josh Maxwell 0-0: Ball
1-0: Foul Ball, location: 2F
1-1: Foul Ball, location: 2F
1-2: Foul Ball, location: 2F
1-2: Strikes out swinging
Top of the 8th over - 0 runs, 0 hits, 0 errors, 0 left on base; Americus 3 - Portland 0
BOTTOM OF THE 8TH
Portland Angels batting - Pitching for Americus Braves : RHP Matt Glover
Batting: LHB Lourens Aukema 0-0: Ground out U3 (Groundball, 3L, EV 100.0 MPH)
Pinch Hitting: LHB Jon Rahn 0-0: Ball
1-0: Swinging Strike
1-1: Called Strike
1-2: Ball
2-2: Foul Ball, location: 2F
2-2: Strikes out swinging
Batting: RHB Jose Garduno 0-0: Ball
1-0: Ball
2-0: Ball
3-0: Called Strike
3-1: Base on Balls
Pinch Hitting: RHB Esteban Rangel 0-0: Ball
1-0: Ball
2-0: Called Strike
2-1: Called Strike
2-2: Strikes out swinging
Bottom of the 8th over - 0 runs, 0 hits, 0 errors, 1 left on base; Americus 3 - Portland 0
TOP OF THE 9TH
Americus Braves batting - Pitching for Portland Angels : LHP Benjie Dalaque
Pitching: RHP Hector Agudelo
Now in CF: Dan Contreras
Now in RF: Dustin Watling
Batting: RHB Jose Florez 0-0: Ball
1-0: Ball
2-0: Swinging Strike
2-1: Swinging Strike
2-2: Foul Ball, location: 2F
2-2: Ball
3-2: Strikes out swinging
Batting: RHB Chris Foss 0-0: Foul Ball, location: 2F
0-1: Foul Ball, location: 2F
0-2: Foul Ball, location: 2F
0-2: Ball
1-2: Foul Ball, location: 2F
1-2: Strikes out looking
Batting: SHB Vladimir Guerrero III 0-0: Called Strike
0-1: Ball
1-1: Foul Ball, location: 2F
1-2: Strikes out swinging
Top of the 9th over - 0 runs, 0 hits, 0 errors, 0 left on base; Americus 3 - Portland 0
BOTTOM OF THE 9TH
Portland Angels batting - Pitching for Americus Braves : RHP Matt Glover
Pitching: RHP Justus Gonzales
Batting: RHB Alex Rosaly 0-0: Ball
1-0: Called Strike
1-1: Called Strike
1-2: Strikes out swinging
Pinch Hitting: RHB Joe Keough 0-0: Foul Ball, location: 2F
0-1: Ball
1-1: Ball
2-1: Swinging Strike
2-2: Foul Ball, location: 2F
2-2: Strikes out swinging, 2-3 out at first.
Batting: RHB Jayden Hollaway 0-0: Ball
1-0: Ball
2-0: Called Strike
2-1: Foul Ball, location: 2F
2-2: Ball
3-2: Base on Balls
Batting: LHB John Harvey 0-0: Ball
1-0: Fly out, F7 (Flyball, 78M, EV 89.4 MPH)
Bottom of the 9th over - 0 runs, 0 hits, 0 errors, 1 left on base; Americus 3 - Portland 0
Sunday, July 16th , 2023 - OOTP Baseball 24.6 Build 69